 Dungeon Crawl Stone Soup version 0.31-a0-1019-g3dd9dd1025 (webtiles) character file.

Game seed: 9033601906857162852

209 Malachi the Ruffian (level 5, -3/44 HPs)
             Began as an Armataur Fighter on Nov 17, 2023.
             Was a Believer of Uskayaw.
             Killed by nerve-wracking pain
             ... invoked by an orc priest
              (11 damage)
             ... on level 4 of the Dungeon.
             The game lasted 00:04:04 (2764 turns).

Malachi the Ruffian (Armataur Fighter)              Turns: 2764, Time: 00:04:05

Health: -3/44      AC:  6    Str: 23    XL:     5   Next: 55%
Magic:  6/6        EV:  7    Int:  8    God:    Uskayaw [**....]
Gold:   111        SH:  4    Dex: 10    Spells: 4/4 levels left

rFire   . .          .
                       - Unarmed
rCold   . . .        b - +0 buckler
rNeg    . . .        a - +0 scale mail
rPois   +            (no helmet)
rElec   .            (no cloak)
rCorr   +            (no gloves)
SInv    .            (no barding)
Will    .....        (no amulet) Stlth
                     q - ring of poison resistance
HPRegen 0.27/turn    t - ring of resist corrosion
MPRegen 0.10/turn

%: roll
@: no status effects
A: large, rugged brown scales 3, deformed body, armoured tail, roll, long
tongue, awkward tongue
a: Renounce Religion, Stomp, Line Pass


You were on level 4 of the Dungeon.
You worshipped Uskayaw.
Uskayaw was noncommittal.
You visited 1 branch of the dungeon, and saw 4 of its levels.

You collected 111 gold pieces.

Inventory:

Hand Weapons
 h - a +0 glaive
Missiles
 l - a throwing net
 n - 6 boomerangs (quivered)
Armour
 a - a +0 scale mail (worn)
 b - a +0 buckler (worn)
Jewellery
 m - a ring of flight
 q - a ring of poison resistance (left hand)
 s - a ring of positive energy
 t - a ring of resist corrosion (right hand)
Scrolls
 d - a scroll of immolation
 e - a scroll of amnesia {unknown}
 j - a scroll of brand weapon {unknown}
 o - 2 scrolls of teleportation
 r - a scroll of vulnerability {unknown}
Potions
 c - 2 potions of might
 f - 2 potions of degeneration {unknown}
 g - a potion of haste {unknown}
 k - a potion of enlightenment {unknown}
 p - 2 potions of curing {unknown}


   Skills:
 - Level 2.6 Fighting
 - Level 3.6 Armour
 - Level 3.2 Shields
 + Level 5.0 Unarmed Combat
 + Level 1.6 Invocations


You had 4 spell levels left.
You didn't know any spells.
Your spell library was empty.

Dungeon Overview and Level Annotations

Branches:
Dungeon (4/15)
 Temple: D:4-7

Altars:
Trog
Uskayaw
Wu Jian

Shops:
D:2 =

Annotations:
D:3 2 transporters, glosham's ghost, weakling DESh


Innate Abilities, Weirdness & Mutations

You are completely covered in rugged brown scales. (AC +3, +7% HP)
Armour fits poorly on your strangely shaped body.
You have a long armoured tail.
You roll when moving toward enemies. (Rampage)
Your long tongue fully drains potion bottles. (2x potion effects)
Your tongue gives you trouble enunciating. (1.5x scroll delay)


Message History

You are too injured to fight recklessly!
You are too injured to fight recklessly!
You are too injured to fight recklessly!
You are too injured to fight recklessly!
Unknown command.
You roll towards the hobgoblin!
The hobgoblin shouts!
You roll towards the hobgoblin!
You closely miss the hobgoblin.
The hobgoblin hits you but does no damage.
You barely miss the hobgoblin. You tail-slap the hobgoblin.
The hobgoblin is moderately wounded.
The hobgoblin hits you.
An orc priest comes into view. It is wielding a +0 whip.
You barely miss the hobgoblin.
The orc priest shouts!
You tail-slap the hobgoblin.
You kill the hobgoblin!
You roll towards the orc priest!
An adder comes into view.
You roll towards the orc priest!
You punch the orc priest! You tail-slap the orc priest.
The orc priest is severely wounded.
The orc priest hits you with a +0 whip.
You can now pass through a line of other dancers.
You hit the orc priest.
The orc priest is almost dead.
The orc priest mumbles some strange prayers to Beogh against you.
Beogh smites you!
* * * LOW HITPOINT WARNING * * *
You hear a shout!
You hit the orc priest but do no damage.
The orc priest is almost dead.
You hear a shout!
The orc priest hits you but does no damage.
You closely miss the orc priest.
The orc priest is almost dead.
The orc priest mumbles some strange prayers to Beogh against you.
Pain shoots through your body!
You die...

#.......# #.##.......#
##.##.......#
#...#.......#
#...#....<...
#...#####'### #...# #.#
####.#######...#####.###
.....So@.[.....)).......
......#####....#####.###
..... #+#+## #... ....
#.... ... #.... .. .....
. #.... ....


You could see an orc priest and an adder.

Vanquished Creatures
  An orc priest (D:4)
  Jessica (D:2)
  3 gnolls (D:3)
  4 adders
  A worm (D:3)
  2 dart slugs (D:2)
  5 orcs
  9 ball pythons
  A bat (D:2)
  2 endoplasms
  A giant cockroach (D:1)
  6 goblins
  11 hobgoblins
  4 jackals (D:2)
  4 quokkas
  2 frilled lizards
  11 kobolds
  3 rats
71 creatures vanquished.

Notes
Turn   | Place    | Note
-------+----------+-------------------------------------------
     0 | D:1      | Malachi the Armataur Fighter began the quest for the Orb.
     0 | D:1      | Reached XP level 1. HP: 19/19 MP: 1/1
    99 | D:1      | Reached skill level 2 in Unarmed Combat
   293 | D:1      | You fall into a shaft and drop 1 floor!
   327 | D:2      | Reached XP level 2. HP: 26/26 MP: 2/2
   382 | D:2      | Noticed Jessica
   389 | D:2      | Killed Jessica
   390 | D:2      | Reached skill level 3 in Unarmed Combat
   390 | D:2      | Reached XP level 3. HP: 23/32 MP: 3/3
   653 | D:2      | Reached skill level 4 in Unarmed Combat
   653 | D:2      | Reached XP level 4. HP: 39/39 MP: 4/4
   756 | D:2      | Found Neh Qyil's Jewellery Shoppe.
  1597 | D:3      | Found a hide-covered altar of Uskayaw.
  1613 | D:3      | Became a worshipper of Uskayaw the Reveller
  1715 | D:3      | Reached * piety under Uskayaw
  1722 | D:3      | Reached ** piety under Uskayaw
  1964 | D:3      | Found a faded altar of an unknown god.
  1974 | D:3      | Reached XP level 5. HP: 44/44 MP: 5/5
  2092 | D:3      | Found a transporter.
  2093 | D:3      | Found a transporter.
  2093 | D:3      | Noticed glosham's ghost (weakling DESh)
  2096 | D:3      | Noticed an ogre
  2169 | D:3      | Found a bloodstained altar of Trog.
  2257 | D:3      | Reached skill level 1 in Invocations
  2428 | D:3      | Found an ornate altar of the Wu Jian Council.
  2522 | D:3      | Noticed an ogre
  2740 | D:4      | Reached skill level 5 in Unarmed Combat
  2744 | D:4      | Reached *** piety under Uskayaw
  2764 | D:4      | Killed from afar by an orc priest

Illustrated notes

Levels and vault maps discovered:
D:1:      dpeg_arrival_three_same_balls, layout_loops_ring
D:2:      cheibrodos_greedy_goblins, layout_basic, serial_shops,
          nicolae_shop_gaudy_bauble, uniq_jessica
D:3:      layout_basic, trog_hazing_becter, mainiacjoe_overflow_catwalk,
          mainiacjoe_overflow_paths, ebering_ecumenical_altar_abandoned,
          gammafunk_ghost_smash, corexii_hall_statues_l
D:4:      minmay_diamond_boxcup, layout_basic, nicolae_tso_carved_into_rock,
          hangedman_decor_clover_reticule

Skill      XL: |  1  2  3  4  5 |
---------------+----------------+-----
Unarmed Combat | 2 3 4 5 |  5.0
Invocations    | 1 |  1.6
Fighting       | |  2.6
Armour         | |  3.6
Shields        | |  3.2

Action                     |  1- 3 |  4- 6 || total
---------------------------+-------+-------++-------
  Melee: Unarmed           |    76 |   142 ||   218
         Tailslap          |     8 |    13 ||    21
  Throw: Boomerang         |       |    12 ||    12
    Use: Scroll            |       |     2 ||     2
   Stab: Paralysed         |       |     1 ||     1
 Armour: Scale mail        |    36 |    90 ||   126
  Dodge: Dodged            |    17 |    44 ||    61
  Block: Buckler           |     9 |    35 ||    44

Table legend: (Time is in decaauts)
 A = Elapsed time spent in this place.
 B = Non-inter-level travel time spent in this place.
 C = Inter-level travel time spent in this place.
 D = Time resting spent in this place.
 E = Time spent auto-exploring this place.
 F = Levels seen in this place.
 G = Mean time per level.
                   A        B        C        D        E       F      G
               +--------+--------+--------+--------+--------+-----+--------+
         Total |   2755 |   2580 |    175 |    203 |   1904 |   4 |  688.8 |
       Dungeon |   2755 |   2580 |    175 |    203 |   1904 |   4 |  688.8 |
               +--------+--------+--------+--------+--------+-----+--------+

Top non-repeatable levels by time:
     D:3: 1138 daAuts
     D:1: 804 daAuts
     D:2: 775 daAuts
     D:4: 38 daAuts
